 Dungeon Sprint DCSS version 0.31-a0-18-gea43df2a32 (webtiles) character file.

Game seed: 14670719666641648243

1570 sircluck the Unseen (level 9, -5/56 HPs)
             Began as a Kobold Brigand on May 9, 2023.
             Was the Champion of Dithmenos.
             Slain by a small abomination (17 damage)
             ... in the Dungeon (Sprint VII: "The Pits").
             The game lasted 00:02:42 (425 turns).

sircluck the Unseen (Kobold Brigand)                 Turns: 425, Time: 00:02:42

Health: -5/56      AC:  3    Str:  8    XL:     9   Next: 13%
Magic:  9/9        EV: 17    Int: 12    God:    Dithmenos [******]
Gold:   0          SH:  0    Dex: 21    Spells: 8/8 levels left

rFire   . . .        p - +1 dagger (drain)
rCold   . . .        (no shield)
rNeg    . . .        b - +0 robe
rPois   .            (no helmet)
rElec   .            c - +0 cloak
rCorr   .            (no gloves)
SInv    .            (no boots)
Will    .....        (no amulet) Stlth ******++++
                     (no ring)
HPRegen 0.29/turn    (no ring)
MPRegen 0.11/turn

%: no teleportation
@: wreathed by umbra
A: small, no large weapons, nightstalker 3
a: Renounce Religion, Shadow Step, Shadow Form


You were in the Dungeon.
You worshipped Dithmenos.
Dithmenos was exalted by your worship.
You visited 1 branch

Inventory:

Hand Weapons
 a - a +2 dagger
 p - a +1 dagger of draining (weapon)
Missiles
 d - 9 poisoned darts (quivered)
 e - 3 curare-tipped darts
 o - 10 stones
Armour
 b - a +0 robe (worn)
 c - a +0 cloak (worn)
Scrolls
 k - a scroll of blinking
 m - 5 scrolls of amnesia
Potions
 f - 5 potions of curing
 g - 4 potions of heal wounds
 h - a potion of haste
 i - 4 potions of magic
 j - 2 potions of berserk rage
 l - 2 potions of invisibility


   Skills:
 + Level 6.4 Fighting
 + Level 13.4 Short Blades
 + Level 3.7 Throwing
 + Level 4.8 Dodging
 + Level 20.5 Stealth


You had 8 spell levels left.
You didn't know any spells.
Your spell library was empty.

Dungeon Overview and Level Annotations

Branches:
Dungeon (1/1)

Altars:
Ashenzari
Cheibriados
Dithmenos
Elyvilon
Fedhas
Gozag
Hepliaklqana
Kikubaaqudgha
Makhleb
Nemelex Xobeh
Okawaru
Qazlal
Ru
Sif Muna
Trog
Uskayaw
Vehumet
Wu Jian
Xom
Yredelemnul
Zin
The Shining One
Jiyva
Lugonu


Innate Abilities, Weirdness & Mutations

You are small and have problems with some larger weapons.
You are completely attuned to the shadows.


Message History

* * * LOW HITPOINT WARNING * * *
You emit a cloud of dark smoke.
You are too injured to fight recklessly!
You are too injured to fight recklessly!
You are too injured to fight recklessly!
You are too injured to fight recklessly!
You are too injured to fight recklessly!
You are too injured to fight recklessly!
You are too injured to fight recklessly!
You are too injured to fight recklessly!
You are too injured to fight recklessly!
You are too injured to fight recklessly!
The small abomination attacks as you move away!
The small abomination misses you.
Things that are here:
a +0 dagger; a +0 leather armour; an orc corpse You hit the small abomination.
The small abomination is heavily damaged.
Your shadow hits the small abomination but does no damage.
The small abomination hits you but does no damage.
You hit the small abomination but do no damage.
The small abomination is heavily damaged.
Your shadow hits the small abomination with a dagger.
You hit the small abomination.
The small abomination is heavily damaged.
The small abomination closely misses you.
You hit the small abomination but do no damage.
The small abomination is heavily damaged.
Your shadow hits the small abomination but does no damage.
You hit the small abomination but do no damage.
The small abomination is heavily damaged.
The small abomination completely misses you.
You hit the small abomination but do no damage.
The small abomination is heavily damaged.
Your shadow closely misses the small abomination.
You hit the small abomination but do no damage.
The small abomination is heavily damaged.
Your shadow hits the small abomination but does no damage.
The small abomination hits you!
You die...

#.##†#.†#'###...<...#
#.#........##.......#
#.#........##.......#
#'###########.......#
#.......#..##########
#§§###..#.#####
#§§§..§§#b#....
##)###§##b#3W.W
#))))@x§#b'x...
#..###§§#§#...x
#)....§§§)#....
###############


You could see a small abomination.

Vanquished Creatures
  A deep elf pyromancer (D)
  A smoke demon (D)
  A flying skull (D)
  A sky beast (D)
  A floating eye (D)
  2 phantoms (D)
  A scorpion (D)
  A wight (D)
  A quasit (D)
  A hound (D)
  An orc priest (D)
  3 orc wizards (D)
  2 adders (D)
  A river rat (D)
  An adder zombie (D)
  A worm (D)
  4 orcs (D)
  A goblin (D)
  3 jackals (D)
  A kobold (D)
  2 quokkas (D)
  A giant cockroach zombie (D)
32 creatures vanquished.

Notes
Turn   | Place    | Note
-------+----------+-------------------------------------------
     0 | D        | sircluck the Kobold Brigand began the quest for the Orb.
     0 | D        | Reached XP level 1. HP: 12/12 MP: 1/1
    93 | D        | Found a bloodstained altar of Trog.
    93 | D        | Found a shimmering blue altar of Sif Muna.
    93 | D        | Found a viscous altar of Jiyva.
    93 | D        | Found a hazy altar of Hepliaklqana.
    93 | D        | Found an opulent altar of Gozag.
    94 | D        | Found a glowing golden altar of the Shining One.
    94 | D        | Found a glowing silver altar of Zin.
    94 | D        | Found a sacrificial altar of Ru.
    94 | D        | Found a stormy altar of Qazlal.
    94 | D        | Found a blossoming altar of Fedhas.
    96 | D        | Found a basalt altar of Yredelemnul.
    96 | D        | Found an iron altar of Okawaru.
    96 | D        | Found a white marble altar of Elyvilon.
    97 | D        | Found a shimmering altar of Xom.
    97 | D        | Found a sparkling altar of Nemelex Xobeh.
    97 | D        | Found a shadowy altar of Dithmenos.
    98 | D        | Found an ornate altar of the Wu Jian Council.
    98 | D        | Found a burning altar of Makhleb.
    98 | D        | Found a snail-covered altar of Cheibriados.
    99 | D        | Found a radiant altar of Vehumet.
    99 | D        | Found a corrupted altar of Lugonu.
   100 | D        | Found a hide-covered altar of Uskayaw.
   100 | D        | Found an ancient bone altar of Kikubaaqudgha.
   100 | D        | Found a broken altar of Ashenzari.
   110 | D        | Became a worshipper of Dithmenos the Shadowed
   122 | D        | Noticed a scorpion
   125 | D        | Killed a scorpion
   126 | D        | Reached skill level 10 in Stealth
   126 | D        | Reached XP level 2. HP: 19/19 MP: 2/2
   126 | D        | Reached XP level 3. HP: 23/23 MP: 3/3
   126 | D        | Reached XP level 4. HP: 28/28 MP: 4/4
   127 | D        | Reached skill level 11 in Stealth
   131 | D        | Reached * piety under Dithmenos
   142 | D        | Reached ** piety under Dithmenos
   171 | D        | Reached *** piety under Dithmenos
   184 | D        | Reached skill level 5 in Short Blades
   261 | D        | Reached skill level 12 in Stealth
   261 | D        | Reached XP level 5. HP: 33/33 MP: 5/5
   263 | D        | Noticed a flying skull
   265 | D        | Killed a flying skull
   266 | D        | Reached skill level 14 in Stealth
   266 | D        | Reached XP level 6. HP: 39/39 MP: 6/6
   266 | D        | Reached **** piety under Dithmenos
   272 | D        | Reached skill level 15 in Stealth
   275 | D        | Reached ***** piety under Dithmenos
   276 | D        | Reached skill level 5 in Fighting
   276 | D        | Reached XP level 7. HP: 44/44 MP: 7/7
   283 | D        | Reached skill level 10 in Short Blades
   283 | D        | Reached skill level 16 in Stealth
   291 | D        | Noticed a deep elf pyromancer
   293 | D        | Killed a deep elf pyromancer
   294 | D        | Reached skill level 18 in Stealth
   294 | D        | Reached XP level 8. HP: 51/51 MP: 8/8
   298 | D        | Reached skill level 19 in Stealth
   309 | D        | Noticed a smoke demon
   356 | D        | Killed a smoke demon
   356 | D        | Reached ****** piety under Dithmenos
   357 | D        | Reached skill level 20 in Stealth
   357 | D        | Reached XP level 9. HP: 33/56 MP: 9/9
   425 | D        | Slain by a small abomination

Illustrated notes

Levels and vault maps discovered:
D:        pitsprint [storerooms_1, entrance_room_1, metal_vault_5, armoury_2,
          mini_pit_1, grid_room_1, main_hall_1, silver_pit, the_coven_1,
          the_vestibule_1, steel_vault_3, golden_pit, hallway_of_sentries,
          crystal_vault_4, iron_vault_1, final_vault]

Skill      XL: |  1  2  3  4  5  6  7  8 |
---------------+-------------------------+-----
Fighting       | 3 4 5 6 |  6.4
Short Blades   | 4 6 8 9 12 13 | 13.4
Throwing       | 3 |  3.7
Stealth        | 10 12 14 15 18 20 | 20.5
Dodging        | 3 4 |  4.8

Action                     |  1- 3 |  4- 6 |  7- 9 || total
---------------------------+-------+-------+-------++-------
  Melee: Dagger            |     2 |    51 |    47 ||   100
  Throw: Dart              |       |       |     1 ||     1
    Use: Potion            |       |       |     4 ||     4
         Scroll            |       |       |     1 ||     1
   Stab: Sleeping          |     2 |    13 |    10 ||    25
 Armour: Robe              |       |     5 |     5 ||    10
  Dodge: Dodged            |       |    29 |    26 ||    55

Table legend: (Time is in decaauts)
 A = Elapsed time spent in this place.
 B = Non-inter-level travel time spent in this place.
 C = Inter-level travel time spent in this place.
 D = Time resting spent in this place.
 E = Time spent auto-exploring this place.
 F = Levels seen in this place.
 G = Mean time per level.
                   A        B        C        D        E       F      G
               +--------+--------+--------+--------+--------+-----+--------+
         Total |    399 |    369 |     30 |     48 |     30 |   1 |  399.0 |
       Dungeon |    399 |    369 |     30 |     48 |     30 |   1 |  399.0 |
               +--------+--------+--------+--------+--------+-----+--------+

Top non-repeatable levels by time:
       D: 399 daAuts
